Map: Triton LE

Players

Darkseall

  • Race: Zerg Zerg
  • Spawn Location: 11:00

Mez - Winner!

  • Race: Terran Terran
  • League: Master
  • Spawn Location: 5:00

VOD

Have the link to the VOD?

Description

Time

  • Played on: Sept. 9, 2019, 4:14 p.m.
  • Length: 12:09
Show
View Real Time Build Order
Export as new Build Order

Darkseall Zerg 

Build Orders: Hatch First, Muta Ling Bane 

Get SALT Encoding   

  12  0:05  Drone  
  13  0:09  Drone  
  14  0:19  Overlord  
  14  0:27  Drone, Extractor  
  15  0:38  Drone x2  
  17  0:49  Drone  
  18  0:57  Hatchery  
  18  1:01  Drone  
  18  1:04  Extractor  
  18  1:09  Drone  
  18  1:22  Spawning Pool  
  18  1:23  Drone  
  18  1:31  Drone  
  19  1:42  Drone  
  20  1:52  Overlord  
  20  2:12  Metabolic Boost  
  20  2:13  Queen x2  
  20  2:14  Zergling x4  
  26  2:16  Drone  
  26  2:21  Drone  
  28  2:32  Spore Crawler  
  28  2:33  Drone x2  
  28  2:36  Spore Crawler  
  28  2:43  Drone x2  
  32  2:53  Queen  
  32  2:57  Spore Crawler  
  33  3:05  Hatchery  
  32  3:06  Drone  
  32  3:07  Drone  
  32  3:08  Drone x2  
  32  3:12  Overlord  
  35  3:29  Queen  
  35  3:31  Overlord  
  35  3:32  Drone x4  
  40  3:37  Baneling Nest  
  40  3:40  Zergling x4  
  40  3:41  Zergling x2  
  42  3:45  Drone  
  43  3:48  Overlord  
  43  4:01  Overlord  
  43  4:04  Drone  
  43  4:05  Drone x4  
  43  4:08  Spore Crawler  
  47  4:12  Queen  
  47  4:14  Drone x2  
  51  4:27  Overlord, Drone  
  51  4:28  Lair, Drone  
  51  4:30  Extractor  
  52  4:31  Extractor  
  52  4:32  Extractor  
  52  4:36  Queen  
  52  4:40  Drone x2  
  52  4:41  Drone  
  55  4:46  Spore Crawler  
  41  5:13  Drone x10  
  46  5:22  Drone x6  
  52  5:30  Spire  
  51  5:37  Overlord  
  51  5:40  Drone x2  
  53  5:56  Zergling x2  
  53  5:57  Zergling x6  
  57  6:08  Drone x3  
  57  6:09  Drone x2  
  62  6:11  Drone  
  62  6:12  Drone x4  
  62  6:14  Overlord  
  62  6:15  Overlord  
  67  6:44  Mutalisk x9  
  85  6:52  Evolution Chamber  
  84  6:54  Overlord x2  
  84  6:55  Evolution Chamber  
  84  6:57  Overlord  
  83  7:02  Drone x3  
  83  7:03  Drone  
  87  7:28  Zergling x26  
  87  7:29  Zergling x2  
  101  7:34  Centrifical Hooks, Zerg Ground Armor Level 1, Zerg Melee Weapons Level 1  
  101  7:38  Overseer  
  101  7:40  Mutalisk  
  103  7:49  Zergling x12  
  103  7:50  Zergling x2  
  95  8:01  Mutalisk x2  
  87  8:13  Zergling x2  
  87  8:14  Zergling x16  
  87  8:21  Mutalisk x2  
  87  8:26  Mutalisk  
  81  8:27  Zergling x2  
  80  8:38  Mutalisk  
  78  8:43  Mutalisk  
  78  8:44  Zergling x2  
  78  8:45  Zergling x4  
  78  8:47  Queen  
  85  8:49  Hatchery x2  
  85  8:54  Zergling x4  
  85  9:01  Drone x4  
  85  9:02  Drone x6  
  93  9:12  Mutalisk  
  93  9:13  Mutalisk x2  
  99  9:20  Zergling x4  
  92  9:34  Mutalisk x2  
  92  9:35  Zergling x10  
  92  9:36  Zergling x6  
  100  9:45  Drone  
  100  9:46  Drone  
  100  9:48  Extractor  
  101  9:58  Baneling  
  101  9:59  Baneling x3  
  101  10:00  Baneling x5  
  101  10:06  Queen x2  
  105  10:07  Zergling x4  
  105  10:08  Overlord x4  
  105  10:09  Zergling x6  
  110  10:20  Overlord  
  110  10:21  Overlord  
  110  10:26  Extractor  
  109  10:30  Zergling x2  
  109  10:31  Zergling x22  
  109  10:32  Baneling  
  109  10:33  Baneling x2  
  121  10:36  Drone x3  
  124  10:53  Mutalisk x3  
  124  10:54  Zergling x4  
  124  10:55  Zergling x14  
  124  10:56  Zergling x2  
  131  11:09  Zergling x18  
  124  11:11  Zergling x2  
  124  11:12  Zergling x8  
  124  11:14  Baneling  
  124  11:15  Baneling x4  
  124  11:16  Baneling  
  129  11:23  Baneling x3  
  129  11:24  Zergling x10  
  134  11:29  Infestation Pit, Overseer  
  133  11:48  Zergling x2  
  133  11:49  Zergling x34  
  133  11:53  Baneling  
  133  11:54  Baneling x2  
Show
View Real Time Build Order
Export as new Build Order

Mez Terran - Winner!

Build Orders: Liberator Opening, Reaper Expand 

Get SALT Encoding   

  12  0:00  SCV  
  13  0:12  SCV  
  14  0:17  Supply Depot  
  14  0:24  SCV  
  15  0:38  SCV  
  15  0:40  Barracks  
  16  0:45  Refinery  
  16  0:51  SCV  
  17  1:03  SCV  
  18  1:15  SCV  
  19  1:28  Orbital Command  
  19  1:30  Reaper  
  20  1:39  Command Center  
  20  1:47  Supply Depot  
  20  1:54  SCV  
  21  2:01  Marine  
  23  2:08  SCV  
  23  2:12  Factory  
  23  2:15  Refinery  
  23  2:21  SCV  
  24  2:24  Barracks Reactor  
  24  2:45  SCV  
  25  2:52  Orbital Command  
  26  3:05  SCV, Starport  
  26  3:09  Hellion x2  
  30  3:13  Barracks Tech Lab  
  30  3:15  Supply Depot  
  30  3:27  Liberator  
  30  3:31  SCV x2  
  30  3:32  Hellion x2  
  35  3:37  Marine  
  36  3:43  SCV x2  
  41  3:54  Hellion x2  
  45  3:56  Supply Depot  
  45  3:57  SCV x2  
  45  3:59  Marine  
  48  4:09  SCV x2  
  50  4:23  Command Center  
  50  4:26  SCV x2  
  50  4:28  Supply Depot  
  52  4:39  Factory Tech Lab, Starport Reactor  
  52  4:40  Marine  
  52  4:42  Barracks x2  
  52  4:45  SCV x2  
  55  4:57  SCV x2  
  51  5:10  SCV  
  51  5:11  SCV  
  51  5:18  Siege Tank  
  51  5:19  Engineering Bay  
  51  5:20  Marine, Stimpack, Engineering Bay  
  51  5:23  SCV x2  
  51  5:25  Refinery  
  51  5:26  Starport Reactor, Refinery  
  53  5:35  SCV x2  
  55  5:37  Marine x2  
  55  5:38  Marine  
  55  5:42  Orbital Command  
  58  5:51  SCV x2  
  58  5:52  Marine x2  
  58  5:53  Siege Tank  
  58  5:55  Marine x3  
  58  5:56  Terran Infantry Armor Level 1, Terran Infantry Weapons Level 1  
  68  6:03  SCV x2  
  70  6:08  Orbital Command  
  70  6:14  Supply Depot, Armory  
  70  6:15  SCV x2  
  70  6:16  Supply Depot  
  70  6:18  Marine x3  
  73  6:21  Medivac  
  73  6:24  Supply Depot  
  73  6:25  Medivac  
  78  6:30  SCV x2  
  80  6:34  SCV  
  80  6:37  Marine x2  
  80  6:38  Marine  
  80  6:39  Marine  
  85  6:40  Marine  
  85  6:42  SCV x2  
  88  6:51  SCV  
  89  6:55  Barracks  
  89  6:57  Barracks  
  89  6:59  Marine, Combat Shield  
  89  7:00  Marine x4  
  96  7:01  SCV x2  
  96  7:03  SCV  
  96  7:04  Terran Vehicle Weapons Level 1  
  97  7:13  SCV x2  
  97  7:15  SCV  
  100  7:17  Marine  
  100  7:19  Marine x4  
  100  7:20  Siege Tank  
  108  7:25  SCV  
  109  7:31  Supply Depot  
  109  7:32  Supply Depot  
  109  7:35  Supply Depot  
  109  7:38  Supply Depot  
  109  7:41  Supply Depot  
  109  7:50  Marine x3  
  109  7:52  Marine x2  
  109  7:53  SCV x2, Medivac x2  
  106  8:03  Siege Tank  
  106  8:04  SCV  
  106  8:05  SCV x2  
  107  8:07  Factory  
  107  8:08  Marine x3, Command Center, Refinery  
  107  8:09  Refinery  
  107  8:10  Marine x2, Missile Turret  
  107  8:12  Missile Turret  
  102  8:20  Missile Turret  
  102  8:22  Barracks Reactor x2  
  102  8:24  SCV x3  
  102  8:26  Marine x3  
  108  8:28  Marine  
  109  8:35  Thor  
  109  8:38  Marine  
  111  8:43  Marine  
  111  8:46  Terran Infantry Armor Level 2, Terran Infantry Weapons Level 2  
  111  8:48  Marine x3  
  111  8:51  Factory Tech Lab  
  111  8:55  Missile Turret  
  112  8:56  Missile Turret  
  112  8:59  Marine x2  
  112  9:00  Marine x3  
  112  9:01  Marine  
  118  9:05  Barracks  
  118  9:06  Marine, Barracks  
  118  9:07  Barracks  
  119  9:11  Marine x2  
  119  9:13  Terran Vehicle Weapons Level 2  
  124  9:17  Siege Tank  
  124  9:19  Marine x6  
  124  9:24  Marine  
  130  9:29  Marine x2  
  126  9:37  Marine  
  125  9:44  Missile Turret  
  125  9:45  Marine x5, Siege Tank  
  128  9:46  Marine  
  128  9:47  Marine x2, Medivac x2  
  140  9:54  Thor  
  146  10:01  Marine  
  146  10:03  Marine, Barracks Tech Lab  
  146  10:04  Barracks Tech Lab  
  148  10:08  Marine  
  148  10:09  Marine x3, Barracks Tech Lab  
  148  10:10  Marine x2, Marauder  
  148  10:13  Planetary Fortress  
  156  10:18  Marine  
  156  10:23  Refinery x2  
  156  10:24  Marine x3  
  156  10:25  Siege Tank  
  156  10:26  Marine  
  163  10:36  Marine  
  164  10:46  Starport  
  164  10:47  Marine, Starport  
  164  10:48  Marine, Command Center x2  
  164  11:01  Liberator x2  
  164  11:02  Marine  
  164  11:03  Marine  
  164  11:04  Marine, Marauder x2  
  163  11:05  Siege Tank  
  163  11:09  Marine x7  
  145  11:16  Concussive Shells  
  145  11:20  Marine, Siege Tank  
  145  11:21  Marine x2  
  161  11:25  Marauder x2  
  161  11:27  Starport Reactor, Starport Tech Lab  
  161  11:30  SCV  
  161  11:32  Fusion Core  
Tags
 
Add a new tag
Caveats
  • Supply blocks, unpowered buildings, or Contaminate may cause inaccurate times.
  • Supply counts are checked every 10 seconds.